 Dungeon Sprint DCSS version 0.23-a0-87-g5f73bc1 (webtiles) character file.

912 zb2018 the Thaumaturge (level 7, -3/37 HPs)
             Began as a Deep Elf Fire Elementalist on Aug 15, 2018.
             Was a High Priest of Vehumet.
             Slain by a bog body (12 damage)
             ... in the Dungeon (Sprint VII: "The Pits").
             The game lasted 00:09:20 (1407 turns).

zb2018 the Thaumaturge (Deep Elf Fire Elementalist) Turns: 1407, Time: 00:09:21

Health: -3/37      AC:  3    Str:  5    XL:     7   Next: 82%
Magic:  24/24      EV: 17    Int: 25    God:    Vehumet [*****.]
Gold:   0          SH:  0    Dex: 15    Spells: 11/30 levels left

rFire    . . .     SeeInvis .   a - staff of energy
rCold    . . .     Gourm    .   (no shield)
rNeg     . . .     Faith    .   o - +0 robe
rPois    .         Spirit   .   y - +0 helmet
rElec    .         Reflect  .   (no cloak)
rCorr    .         Harm     .   (no gloves)
MR       .....     NoTele   +   (no boots)
Stlth    +++.......             (no amulet)
HPRegen  0.12/turn              t - +3 ring of evasion
MPRegen  0.19/turn              u - +3 ring of intelligence

@: no status effects
A: no striking features
a: Renounce Religion


You were in the Dungeon.
You worshipped Vehumet.
Vehumet was extremely pleased with you.
You were not hungry.

You visited 1 branch

Inventory:

Hand Weapons
 b - a +3 quarterstaff of speed
 q - a +2 dagger of venom
 r - a +1 long sword of holy wrath
 z - a +2 rapier of draining
 A - a +2 scimitar of slicing
Missiles
 n - 10 stones (quivered)
Armour
 o - a +0 robe (worn)
 y - a +0 helmet (worn)
Magical Staves
 a - an uncursed staff of energy (weapon)
Jewellery
 t - a +3 ring of evasion (left hand)
 u - a +3 ring of intelligence (right hand)
Scrolls
 i - a scroll of blinking
 j - 3 scrolls of remove curse
 k - 5 scrolls of amnesia
 l - a scroll of summoning
 m - 2 scrolls of vulnerability
Potions
 d - 8 potions of curing
 e - 9 potions of heal wounds
 f - a potion of haste
 g - 4 potions of magic
 h - 3 potions of berserk rage
 s - 2 potions of invisibility
 v - a potion of agility
 w - a potion of resistance
 x - a potion of mutation
Comestibles
 c - 9 rations
 p - a chunk of flesh


   Skills:
 + Level 0.9 Fighting
 + Level 4.3 Dodging
 + Level 4.5 Stealth
 * Level 12.3 Spellcasting
 * Level 9.5 Conjurations
 * Level 11.7 Fire Magic
 + Level 0.8 Air Magic
 + Level 0.3 Earth Magic


You had 11 spell levels left.
You knew the following spells:

 Your Spells              Type           Power        Failure   Level  Hunger
a - Flame Tongue          Conj/Fire      #####        1%          1    None
b - Throw Flame           Conj/Fire      ######       1%          2    None
c - Conjure Flame         Conj/Fire      ######..     1%          3    None
d - Sticky Flame          Conj/Fire      ######..     1%          4    None
e - Shock                 Conj/Air       ####         1%          1    None
f - Fireball              Conj/Fire      ######....   1%          5    None
g - Stone Arrow           Conj/Erth      #####.       1%          3    None

Your spell library contained the following spells:

 Spells                   Type           Power        Failure   Level  Hunger
 Inner Flame              Hex/Fire       #####...     1%          3    None


Dungeon Overview and Level Annotations

Branches:
Dungeon (1/1)

Altars:
Ashenzari
Cheibriados
Dithmenos
Elyvilon
Fedhas
Gozag
Hepliaklqana
Kikubaaqudgha
Makhleb
Nemelex Xobeh
Okawaru
Qazlal
Ru
Sif Muna
Trog
Uskayaw
Vehumet
Wu Jian
Xom
Yredelemnul
Zin
The Shining One
Beogh
Jiyva
Lugonu


Message History

You resist with some effort.
Casting: Flame Tongue (safe; 1% risk of failure)
Confirm with . or Enter, or press ? or * to list all spells.
Aiming: Flame Tongue (safe; 1% risk of failure)
Press: ? - help, Shift-Dir - straight line, f - bog body
Aim: a bog body The flame tongue hits the bog body.
The bog body resists.
The bog body is lightly damaged.
The bog body casts a spell at you. The bolt of cold hits you!
Ouch! That really hurt!
* * * LOW HITPOINT WARNING * * *
There is an open door to the Storerooms (Easy) here.
As you close the door, it creaks loudly!
You start resting.
A bog body opens the door.
The bog body completely misses you. The bog body touches you.
* * * LOW HITPOINT WARNING * * *
The bog body freezes you!
You die...

############ #_________.#
#_________.#
#_______...###########++#####
##########+##................
#....+)))+.##......#..#......
##########.##................
#)[....)....@n...............
#+#####+#####......#..#......
#.#..#))#..##................
#.#..+..#.)#####+#####''#####
#.#..####))##.......# ''#
#.#..#..#))##.......# ....
#.#..#..#[[##.......# ...##
#.##+#..#+###...<...# ..##
#.#........##.......# ..#


You could see a bog body.

Vanquished Creatures
  A water moccasin (D)
  A floating eye (D)
  A porcupine (D)
  A swamp drake (D)
  A necrophage (D)
  An ogre (D)
  2 crocodiles (D)
  A bullfrog (D)
  An orc priest (D)
  An orc wizard (D)
  Jessica (D)
  A mummy (D)
  2 gnolls (D)
  A river rat (D)
  An ufetubus (D)
  A worm (D)
  A leopard gecko (D)
  An orc (D)
  A bat (D)
  A bat skeleton (D)
  A giant cockroach (D)
  A kobold (D)
  A quokka (D)
  A ball python (D)
  A frilled lizard (D)
27 creatures vanquished.

Notes
Turn   | Place    | Note
-------+----------+-------------------------------------------
     0 | D        | zb2018 the Deep Elf Fire Elementalist began the quest for the Orb.
     0 | D        | Reached XP level 1. HP: 10/10 MP: 6/6
    20 | D        | Found a bloodstained altar of Trog.
    20 | D        | Found a deep blue altar of Sif Muna.
    20 | D        | Found a viscous altar of Jiyva.
    20 | D        | Found a hazy altar of Hepliaklqana.
    20 | D        | Found an opulent altar of Gozag.
    21 | D        | Found a glowing golden altar of the Shining One.
    21 | D        | Found a glowing silver altar of Zin.
    21 | D        | Found a basalt altar of Yredelemnul.
    21 | D        | Found a shimmering altar of Xom.
    21 | D        | Found an ornate altar of the Wu Jian Council.
    21 | D        | Found a sacrificial altar of Ru.
    21 | D        | Found a stormy altar of Qazlal.
    21 | D        | Found an iron altar of Okawaru.
    21 | D        | Found a sparkling altar of Nemelex Xobeh.
    21 | D        | Found a burning altar of Makhleb.
    21 | D        | Found a blossoming altar of Fedhas.
    21 | D        | Found a white marble altar of Elyvilon.
    21 | D        | Found a shadowy altar of Dithmenos.
    21 | D        | Found a snail-covered altar of Cheibriados.
    24 | D        | Found a corrupted altar of Lugonu.
    24 | D        | Found a radiant altar of Vehumet.
    24 | D        | Found a roughly hewn altar of Beogh.
    25 | D        | Found an ancient bone altar of Kikubaaqudgha.
    25 | D        | Found a hide-covered altar of Uskayaw.
    25 | D        | Found a shattered altar of Ashenzari.
    35 | D        | Became a worshipper of Vehumet
   137 | D        | Noticed a floating eye
   143 | D        | Reached * piety under Vehumet
   143 | D        | Offered knowledge of Sting by Vehumet.
   148 | D        | Killed a floating eye
   148 | D        | Reached skill level 6 in Spellcasting
   148 | D        | Reached XP level 2. HP: 9/15 MP: 3/11
   148 | D        | Reached XP level 3. HP: 12/19 MP: 3/12
   148 | D        | Reached XP level 4. HP: 15/24 MP: 3/14
   368 | D        | Offered knowledge of Shock by Vehumet.
   368 | D        | Reached ** piety under Vehumet
   373 | D        | Learned a level 2 spell: Throw Flame
   377 | D        | Learned a level 3 spell: Conjure Flame
   382 | D        | Learned a level 4 spell: Sticky Flame
   384 | D        | Learned a level 1 spell: Shock
   397 | D        | Noticed an ogre
   417 | D        | Killed an ogre
   417 | D        | Offered knowledge of Stone Arrow by Vehumet.
   417 | D        | Reached skill level 8 in Spellcasting
   417 | D        | Reached XP level 5. HP: 28/28 MP: 7/17
   486 | D        | Learned a level 5 spell: Fireball
   490 | D        | Learned a level 3 spell: Stone Arrow
   566 | D        | Noticed Jessica
   577 | D        | Reached *** piety under Vehumet
   577 | D        | Reached skill level 5 in Conjurations
   577 | D        | Reached XP level 6. HP: 33/33 MP: 8/19
   580 | D        | Reached skill level 9 in Spellcasting
   580 | D        | Reached skill level 10 in Fire Magic
   581 | D        | Killed Jessica
   581 | D        | Offered knowledge of Airstrike by Vehumet.
   747 | D        | Reached **** piety under Vehumet
   748 | D        | Offered knowledge of Bolt of Draining by Vehumet.
   819 | D        | Reached skill level 10 in Spellcasting
   993 | D        | Noticed a water moccasin
   998 | D        | Reached ***** piety under Vehumet
   998 | D        | Offered knowledge of Bolt of Cold by Vehumet.
  1002 | D        | Reached skill level 11 in Spellcasting
  1002 | D        | Reached XP level 7. HP: 37/37 MP: 15/23
  1135 | D        | Reached skill level 12 in Spellcasting
  1391 | D        | Noticed a bog body
  1407 | D        | Slain by a bog body

Vault maps used:
D:        pitsprint

Skill      XL: |  1  2  3  4  5  6  7 |
---------------+----------------------+-----
Fire Magic     | 7 9 11 | 11.7
Dodging        | 3 4 |  4.3
Stealth        | 3 4 |  4.5
Spellcasting   | 6 8 11 12 | 12.3
Conjurations   | 3 4 5 8 9 |  9.5
Fighting       | |  0.9
Air Magic      | |  0.8
Earth Magic    | |  0.3

Action                   |  1- 3 |  4- 6 |  7- 9 || total
-------------------------+-------+-------+-------++-------
Melee: Dagger            |     1 |       |       ||     1
       Staff             |       |       |     1 ||     1
 Cast: Flame Tongue      |    12 |    43 |     7 ||    62
       Conjure Flame     |       |     7 |     1 ||     8
       Shock             |       |     6 |       ||     6
       Stone Arrow       |       |     2 |     2 ||     4
       Sticky Flame      |       |       |     2 ||     2
  Use: Potion            |     1 |       |     1 ||     2
  Eat: Chunk             |       |       |     1 ||     1
Armor: Robe              |     1 |       |       ||     1
Dodge: Dodged            |     6 |     5 |     5 ||    16

Table legend:
 A = Non-vault XP
 B = Vault XP
 C = Vault XP percentage of total XP
 D = Non-vault monster count
 E = Vault monster count
 F = Vault count percentage of total count
 G = Total turns spent on level
                 A         B        C        D         E       F
            +---------+---------+-------+---------+---------+-------
      Total |       0 |    1304 | 100.0 |       0 |      27 | 100.0
            +---------+---------+-------+---------+---------+-------
          D |       0 |    1304 | 100.0 |       0 |      27 | 100.0
            +---------+---------+-------+---------+---------+-------
